 Dungeon Crawl Stone Soup version 0.22-a0-247-gbddf880 (webtiles) character file.

13763 b5mith the Carver (level 11, 0/156 HPs)
             Began as a Minotaur Berserker on Feb 24, 2018.
             Was a High Priest of Trog.
             Engulfed by a cloud of freezing vapour (8 damage)
             ... on level 12 of the Dungeon.
             The game lasted 00:27:55 (10527 turns).

b5mith the Carver (Minotaur Berserker)             Turns: 10527, Time: 00:27:55

Health: 0/156      AC: 12    Str: 29    XL:     11   Next: 79%
Magic:  10/10      EV: 16    Int:  4    God:    Trog [*****.]
Gold:   828        SH:  0    Dex: 11    Spells: 10/10 levels left

rFire    . . .     SeeInvis +   G - +4 scimitar (flame)
rCold    . . .     Gourm    +   (no shield)
rNeg     . . .     Faith    .   n - +0 scale mail
rPois    +         Spirit   .   (helmet restricted)
rElec    .         Reflect  .   (no cloak)
rCorr    .         Harm     .   e - +2 pair of gloves
MR       .....                  (no boots)
Stlth    ..........             A - amulet of the gourmand
HPRegen  0.36/turn              m - ring of poison resistance
MPRegen  0.12/turn              S - ring of see invisible

@: berserking, very quick
A: retaliatory headbutt, horns 2
a: Berserk, Trog's Hand, Brothers in Arms, Renounce Religion


You were on level 12 of the Dungeon.
You worshipped Trog.
Trog was extremely pleased with you.
You were full.

You visited 1 branch of the dungeon, and saw 12 of its levels.

You collected 828 gold pieces.

Inventory:

Hand Weapons
 a - a +0 falchion
 D - a +0 falchion of holy wrath
 G - a +4 scimitar of flaming (weapon)
 P - a +1 scimitar of holy wrath
Missiles
 K - 4 tomahawks of returning (quivered)
 Q - 4 tomahawks
Armour
 b - a +0 animal skin
 e - a +2 pair of gloves (worn)
 n - a +0 scale mail (worn)
 y - a +0 chain mail of poison resistance
 C - a -1 leather armour
Jewellery
 m - a ring of poison resistance (left hand)
 A - an amulet of the gourmand (around neck)
 L - a +2 amulet of reflection
 S - a ring of see invisible (right hand)
Wands
 v - a wand of scattershot (6)
 z - a wand of random effects (27)
 B - a wand of flame (22)
 F - a wand of disintegration (12)
 H - a wand of iceblast (17)
 J - a wand of paralysis (8)
Scrolls
 d - 2 scrolls of enchant weapon
 f - 3 scrolls of remove curse {@r2}
 i - a scroll of random uselessness {unknown}
 j - 7 scrolls of teleportation
 l - 2 scrolls of identify {@r1}
 r - 2 scrolls of blinking {unknown}
 s - 2 scrolls of amnesia {unknown}
 t - a scroll of magic mapping {unknown}
 u - 3 scrolls of fear
 M - a scroll of immolation {unknown}
 O - a scroll of fog {unknown}
 R - 2 scrolls of vulnerability {unknown}
Potions
 g - 2 potions of invisibility
 h - 3 potions of haste
 k - 2 potions of berserk rage
 o - 3 potions of lignification
 p - 2 potions of degeneration
 q - a potion of heal wounds {unknown}
 w - a potion of flight
 x - 9 potions of curing {@q1}
 E - 2 potions of agility {unknown}
 I - 2 potions of ambrosia {unknown}
 N - a potion of resistance {unknown}
Comestibles
 c - 17 rations


   Skills:
 + Level 11.8 Fighting
 + Level 11.9 Long Blades
 + Level 11.5 Armour
 + Level 10.7 Dodging


You had 10 spell levels left.
You didn't know any spells.

Dungeon Overview and Level Annotations

Branches:
Dungeon (12/15)            Temple (0/1) D:4            Lair (0/6) D:11
    Orc (0/2) D:10

Altars:
Ashenzari
Cheibriados
Elyvilon
Gozag
Kikubaaqudgha
Sif Muna
Vehumet
Wu Jian
Yredelemnul
Zin
The Shining One

Shops:
D:5 ?


Innate Abilities, Weirdness & Mutations

You reflexively headbutt those who attack you in melee.
You have a pair of horns on your head.


Message History

The bolt of cold hits you!
* * * LOW HITPOINT WARNING * * *
You slice the ice statue!!
You melt the ice statue!
The ice statue is heavily damaged.
You are engulfed in freezing vapours.
* * * LOW HITPOINT WARNING * * *
You slash the ice statue!
You melt the ice statue.
The ice statue is severely damaged.
You are engulfed in freezing vapours.
* * * LOW HITPOINT WARNING * * *
You slice the ice statue!!
You melt the ice statue.
You headbutt the ice statue, but do no damage.
The ice statue is almost destroyed.
You are engulfed in freezing vapours.
* * * LOW HITPOINT WARNING * * *
You slash the ice statue!
You melt the ice statue.
You destroy the ice statue!
Trog accepts your kill.
You are engulfed in freezing vapours.
You die...

≈≈≈≈≈≈≈≈≈≈≈≈≈≈≈≈≈≈≈≈≈≈≈#
≈≈≈≈≈≈≈≈≈≈≈≈≈≈≈≈≈≈≈≈≈≈≈#
≈≈≈≈≈≈≈≈≈≈≈≈≈≈≈≈≈≈≈≈≈≈≈#
≈≈≈≈≈≈≈≈≈≈≈≈≈≈≈≈≈≈≈≈≈≈≈#
≈≈≈≈≈≈≈≈≈≈≈≈≈≈.....≈≈≈≈#
≈≈≈≈...≈≈≈≈≈≈..###..≈≈≈#
≈≈≈.###.≈≈≈≈≈.##§##.≈≈≈#
≈≈≈.# #.≈≈≈≈≈.#§§§#.≈≈≈#
≈≈≈≈. #@##.≈≈≈#
≈≈≈≈..#.#§.≈≈≈#
≈≈≈≈≈..§..≈≈≈##
≈≈≈≈≈≈≈≈≈≈≈≈≈#
≈≈≈≈≈≈≈≈≈≈≈≈##
≈≈≈≈≈≈≈≈≈≈###
###########


There were no monsters in sight!

Vanquished Creatures
  A hydra (D:12)
  A two-headed ogre (D:10)
  Erica (D:8)
  Pikel (D:7)
  A manticore (D:11)
  An ice statue (D:12)
  Psyche (D:8)
  A troll (D:10)
  A hornet (D:10)
  3 hippogriffs
  A shadow (D:11)
  13 yaks
  A basilisk (D:11)
  A wraith (D:10)
  Eustachio (D:5)
  A hungry ghost (D:11)
  2 soldier ants (D:10)
  3 porcupines (D:11)
  6 orc warriors
  A black bear (D:11)
  An eye of draining (D:12)
  10 ice beasts
  2 sky beasts
  A centaur (D:12)
  7 ogres
  5 crocodiles
  Blork the orc (D:5)
  7 bullfrogs
  2 scorpions
  6 killer bees (D:9)
  7 howler monkeys
  3 wights (D:9)
  2 electric eels (D:10)
  2 crimson imps (D:9)
  2 bullfrog zombies (D:9)
  2 centaur zombies
  3 jellies
  2 bullfrog skeletons
  5 hounds
  6 orc wizards
  2 quasits
  Crazy Yiuf (D:5)
  A centaur skeleton (D:10)
  6 orc priests
  4 iguanas
  Ijyb (D:5)
  4 hell rats (D:7)
  8 worker ants
  2 hound skeletons
  8 gnolls
  11 adders
  6 river rats (D:7)
  3 shadow imps
  An ooze (D:1)
  2 adder skeletons
  2 worms
  A dart slug (D:1)
  4 leopard geckos
  34 orcs
  8 giant cockroaches
  7 goblins
  13 hobgoblins
  5 jackals
  6 kobolds
  10 quokkas
  2 ball pythons
  6 bats
  4 frilled lizards
  A leopard gecko skeleton (D:5)
  A leopard gecko zombie (D:6)
  22 rats
304 creatures vanquished.

Vanquished Creatures (others)
  A slave (D:7)
  A centaur (D:7)
  A human (D:4)
  A worker ant (D:7)
  A fungus (D:11)
  3 plants (D:11)
8 creatures vanquished.

Grand Total: 312 creatures vanquished

Notes
Turn   | Place    | Note
-------+----------+-------------------------------------------
     0 | D:1      | b5mith the Minotaur Berserker began the quest for the Orb.
     0 | D:1      | Reached XP level 1. HP: 19/19 MP: 0/0
   198 | D:1      | Reached XP level 2. HP: 12/27 MP: 1/1
   666 | D:1      | Reached XP level 3. HP: 33/33 MP: 2/2
   828 | D:2      | Reached ** piety under Trog
   976 | D:2      | Reached XP level 4. HP: 37/41 MP: 3/3
  1037 | D:2      | Found a deep blue altar of Sif Muna.
  1350 | D:3      | Reached XP level 5. HP: 34/47 MP: 4/4
  1921 | D:3      | Reached skill level 5 in Long Blades
  2122 | D:4      | Noticed an ogre
  2128 | D:4      | Killed an ogre
  2128 | D:4      | Reached skill level 5 in Fighting
  2128 | D:4      | Reached XP level 6. HP: 27/56 MP: 5/5
  2344 | D:4      | Found a basalt altar of Yredelemnul.
  2407 | D:4      | Found a staircase to the Ecumenical Temple.
  2410 | D:4      | Reached *** piety under Trog
  2730 | D:4      | Reached XP level 7. HP: 62/62 MP: 6/6
  2735 | D:4      | Reached skill level 5 in Armour
  2895 | D:4      | Found an ancient bone altar of Kikubaaqudgha.
  2899 | D:4      | Noticed a human
  2901 | D:4      | Killed a human
  3224 | D:5      | Entered Level 5 of the Dungeon
  3290 | D:5      | Noticed Blork the orc
  3318 | D:5      | Killed Blork the orc
  3528 | D:5      | Noticed Ijyb
  3538 | D:5      | Killed Ijyb
  3538 | D:5      | Reached skill level 5 in Dodging
  3746 | D:5      | Found an ornate altar of the Wu Jian Council.
  3758 | D:5      | Found Kuankaum's Magic Scroll Boutique.
  3861 | D:5      | Found a runed door.
  3915 | D:5      | Noticed Eustachio
  3919 | D:5      | Killed Eustachio
  3919 | D:5      | Reached XP level 8. HP: 67/71 MP: 7/7
  3997 | D:5      | Noticed Crazy Yiuf
  3999 | D:5      | Killed Crazy Yiuf
  4608 | D:7      | Noticed Pikel
  4623 | D:7      | Killed Pikel
  4623 | D:7      | Reached **** piety under Trog
  4924 | D:7      | Reached XP level 9. HP: 77/81 MP: 8/8
  4962 | D:7      | Found a shattered altar of Ashenzari.
  5717 | D:8      | Found a radiant altar of Vehumet.
  5927 | D:8      | Noticed Psyche
  5949 | D:8      | Killed Psyche
  5981 | D:8      | Noticed Erica
  5998 | D:8      | Killed Erica
  6290 | D:8      | Found a snail-covered altar of Cheibriados.
  6416 | D:8      | Found a deep blue altar of Sif Muna.
  6515 | D:8      | Found a glowing golden altar of the Shining One.
  6582 | D:9      | Found an opulent altar of Gozag.
  6585 | D:9      | Found a white marble altar of Elyvilon.
  6674 | D:9      | Reached ***** piety under Trog
  6674 | D:9      | Reached XP level 10. HP: 77/91 MP: 9/9
  7141 | D:10     | Entered Level 10 of the Dungeon
  7159 | D:10     | Noticed a two-headed ogre
  7167 | D:10     | Killed a two-headed ogre
  7172 | D:10     | Reached skill level 10 in Fighting
  7172 | D:10     | Reached skill level 10 in Long Blades
  7591 | D:10     | Found a staircase to the Orcish Mines.
  7607 | D:10     | Reached skill level 10 in Armour
  8397 | D:10     | Reached XP level 11. HP: 90/101 MP: 10/10
  8754 | D:11     | Found a staircase to the Lair.
  8805 | D:11     | Reached skill level 10 in Dodging
  9163 | D:11     | Found a glowing silver altar of Zin.
  9225 | D:11     | Received a gift from Trog
  9886 | D:12     | Noticed a seven-headed hydra
  9892 | D:12     | Killed a five-headed hydra
 10527 | D:12     | Engulfed by a cloud of freezing vapour

Vault maps used:
D:1:      dpeg_arrival_rooms_with_view, minmay_small_reverse_x
D:2:      cheibrodos_old_hovel, marbit_many_paths
D:3:      first_ration, minmay_surrounded
D:4:      lemuel_doored_altar, minmay_temple_entry_overgrown, tgw_kikubaaqudgha
D:5:      overflow_temple_1_default, serial_shops, nicolae_shop_behind_doors,
          hex_tiny, uniq_eustachio, uniq_ijyb, uniq_blork_the_orc,
          uniq_crazy_yiuf_cottage
D:6:      kennysheep_generic_room_10
D:7:      lemuel_ratsnest, kennysheep_mini_moat, kennysheep_pointless_box,
          uniq_pikel
D:8:      old_standard_altar, nicolae_overflow_hidden_temple,
          lemuel_coloured_pillars_altar, led_sif_book, uniq_psyche, uniq_erica
D:9:      chequers_temple_overflow_statue_of_worship
D:10:     statuecave_lemuel, erik_orc_3, hangedman_pestilent_swarm
D:11:     minmay_lair_entry_grove, basic_altar
D:12:     minmay_ice_pillars

Skill      XL: |  1  2  3  4  5  6  7  8  9 10 11 |
---------------+----------------------------------+-----
Fighting       | 4 5 6 7 9 10 11 | 11.8
Long Blades    | 4 5 6 8 9 10 11 | 11.9
Armour         | 3 4 6 7 9 10 11 | 11.5
Dodging        | 3 4 5 6 8 9 10 | 10.7

Action                   |  1- 3 |  4- 6 |  7- 9 | 10-12 || total
-------------------------+-------+-------+-------+-------++-------
Melee: Falchion          |    73 |   102 |   270 |       ||   445
       Headbutt          |    10 |    30 |    78 |    82 ||   200
       Scimitar          |       |       |    17 |   300 ||   317
Invok: Berserk           |       |       |     1 |     3 ||     4
  Use: Scroll            |       |       |     9 |     5 ||    14
       Potion            |       |       |       |     1 ||     1
 Stab: Distracted        |       |       |     1 |       ||     1
  Eat: Chunk             |       |     6 |    16 |    16 ||    38
       Ration            |       |       |     1 |     1 ||     2
Armor: Animal skin       |     6 |       |       |       ||     6
       Scale mail        |    17 |    49 |   120 |   106 ||   292
       Chain mail        |       |       |     4 |       ||     4
Dodge: Dodged            |    43 |    51 |   173 |   209 ||   476
       Rpst.: Falchion   |    17 |    14 |    43 |       ||    74
       Scimitar          |       |       |     2 |    54 ||    56

Table legend:
 A = Spawn XP
 B = Non-spawn XP
 C = Spawn XP percentage of total XP
 D = Spawn monster count
 E = Non-spawn monster count
 F = Spawn count percentage of total count
 G = Total turns spent on level
                    A         B        C        D         E        F      G
               +---------+---------+-------+---------+---------+-------+---------
         Total |       0 |   19662 |   0.0 |       0 |     304 |   0.0 | 10527
               +---------+---------+-------+---------+---------+-------+---------
           D:1 |       0 |      48 |   0.0 |       0 |      25 |   0.0 |   810
           D:2 |       0 |      78 |   0.0 |       0 |      25 |   0.0 |   469
           D:3 |       0 |     171 |   0.0 |       0 |      21 |   0.0 |   843
           D:4 |       0 |     582 |   0.0 |       0 |      20 |   0.0 |  1102
           D:5 |       0 |     666 |   0.0 |       0 |      16 |   0.0 |   801
           D:6 |       0 |     320 |   0.0 |       0 |       8 |   0.0 |   583
           D:7 |       0 |    1702 |   0.0 |       0 |      45 |   0.0 |  1027
           D:8 |       0 |    1559 |   0.0 |       0 |       6 |   0.0 |   942
           D:9 |       0 |    1227 |   0.0 |       0 |      27 |   0.0 |   564
          D:10 |       0 |    4811 |   0.0 |       0 |      48 |   0.0 |  1428
          D:11 |       0 |    4454 |   0.0 |       0 |      33 |   0.0 |  1254
          D:12 |       0 |    4044 |   0.0 |       0 |      30 |   0.0 |   704
               +---------+---------+-------+---------+---------+-------+---------
